 Dungeon Crawl Stone Soup version 0.20.1-1-g8b1a95d (webtiles) character file.

53 tidbits the Skirmisher (level 3, 9/30 HPs)
             Began as a Demigod Wanderer on Aug 24, 2017.
             Quit the game on level 3 of the Dungeon.
             The game lasted 00:06:10 (656 turns).

tidbits the Skirmisher (Demigod Wanderer)            Turns: 656, Time: 00:06:11

Health: 9/30       AC:  2    Str: 15    XL:     3   Next: 41%
Magic:  7/7        EV: 12    Int: 18    God:
Gold:   99         SH:  0    Dex: 15    Spells: 2/5 levels left

rFire    . . .     SeeInvis .   c - +0 spear
rCold    + . .     Gourm    .   (no shield)
rNeg     . . .     Faith    .   h - +0 robe
rPois    .         Spirit   .   (no helmet)
rElec    .         Reflect  .   (no cloak)
rCorr    .         Harm     .   (no gloves)
MR       .....                  (no boots)
Stlth    ++........             (no amulet)
Regen    0.1/turn               f - ring of ice (curse)
MPRegen  0.1/turn               l - ring of protection from fire

@: lethally poisoned (9 -> -1), slowed, very slow
A: high mp 1
a: no special abilities


You were on level 3 of the Dungeon.
You were not hungry.

You visited 1 branch of the dungeon, and saw 3 of its levels.

You collected 99 gold pieces.

Inventory:

Hand Weapons
 c - a +0 spear (weapon)
Armour
 b - a +0 ring mail
 h - a +0 robe (worn)
Jewellery
 f - a cursed ring of ice (left hand)
   (You found it on level 2 of the Dungeon)
 l - a ring of protection from fire (right hand)
   (You found it on level 2 of the Dungeon)
Scrolls
 e - a scroll of fear {unknown}
 i - a scroll of immolation {unknown}
 n - a scroll of remove curse {unknown}
 q - a scroll of blinking {unknown}
Potions
 g - a potion of cancellation {unknown}
 j - 2 potions of mutation {unknown}
 k - 2 potions of might {unknown}
 m - a potion of curing {unknown}
 p - 2 potions of haste {unknown}
 r - a potion of lignification {unknown}
Books
 a - a book of Frost

   Spells                             Type                      Level
   a - Freeze                         Ice                          1
   b - Throw Frost                    Conjuration/Ice              2
   c - Ozocubu's Armour               Charms/Ice                   3
   d - Throw Icicle                   Conjuration/Ice              4
   e - Summon Ice Beast               Ice/Summoning                4
Comestibles
 d - 3 bread rations
 o - a fruit


   Skills:
 - Level 2.6 Fighting
 - Level 1.9 Dodging
 - Level 1.0 Stealth
   Level 1.0 Shields
 + Level 1.6 Spellcasting
 * Level 2.4 Ice Magic
   Level 1.7 Air Magic


You had 2 spell levels left.
You knew the following spells:

 Your Spells              Type           Power        Failure   Level  Hunger
f - Freeze                Ice            ###.         7%          1    ##.....
t - Throw Frost           Conj/Ice       #.....       17%         2    ###....


Dungeon Overview and Level Annotations

Branches:
Dungeon (3/15)


Innate Abilities, Weirdness & Mutations

You have an increased reservoir of magic. (+10% MP)


Message History

Aiming: Freeze
Press: ? - help, Shift-Dir - straight line, f - kobold
Aim: a kobold You feel a surge of power!
You miscast Freeze.
You are very lightly contaminated with residual magic.
Your hands feel numb with cold.
The kobold barely misses you.
Casting: Freeze
Confirm with . or Enter, or press ? or * to list all spells.
Aiming: Freeze
Press: ? - help, Shift-Dir - straight line, f/p - kobold
Aim: a kobold You feel a surge of power!
You freeze the kobold.
The kobold is severely wounded.
The kobold hits you.
* * * LOW HITPOINT WARNING * * *
Casting: Freeze
Confirm with . or Enter, or press ? or * to list all spells.
Aiming: Freeze
Press: ? - help, Shift-Dir - straight line, f/p - kobold
Aim: a kobold (severely wounded)
You feel a surge of power!
You freeze the kobold.
You kill the kobold!
Things that are here:
a stone; a kobold corpse
Found 2 metallic white potions.
Found an iron altar of Okawaru.
A rat comes into view.
You see here 2 metallic white potions.
p - 2 metallic white potions
Found a scroll labeled WIRO PIYNUENG.
q - a scroll labeled WIRO PIYNUENG Your magical contamination has completely faded away.
There are no items here.
You closely miss the rat. The rat completely misses you.
You hit the rat.
You kill the rat!
A kobold comes into view.
Found 6 gold pieces.
Found 11 gold pieces.
Attack whom?
Press: ? - help, Dir - move target cursor, f - ooze
Aim: an ooze (hasn't noticed you)
You reach to attack!
You catch the helpless ooze completely off-guard!
You hit the ooze.
The ooze is heavily wounded.
Casting: Freeze
Confirm with . or Enter, or press ? or * to list all spells.
Aiming: Freeze
Press: ? - help, Shift-Dir - straight line, f/p - ooze
Aim: an ooze (heavily wounded)
You feel a surge of power!
You freeze the ooze.
The ooze is almost dead.
The ooze closely misses you.
Casting: Freeze
Confirm with . or Enter, or press ? or * to list all spells.
Aiming: Freeze
Press: ? - help, Shift-Dir - straight line, f/p - ooze
Aim: an ooze (almost dead)
You feel a surge of power!
You freeze the ooze.
You kill the ooze!
You now have 88 gold pieces (gained 6).
You now have 99 gold pieces (gained 11).
You open the door. As you open the door, it creaks loudly!
You hear a shout! x2
There is a stone staircase leading down here.
You climb downwards.
There is a stone staircase leading up here.
Found a falchion and a fizzy ruby potion.
A dart slug comes into view.
Found 20 arrows.
Found a whip.
Found 16 gold pieces.
You see here a fizzy ruby potion.
r - a fizzy ruby potion An adder comes into view.
Casting: Freeze
Confirm with . or Enter, or press ? or * to list all spells.
Aiming: Freeze
Press: ? - help, Shift-Dir - straight line, f - dart slug
Aim: a dart slug You feel a surge of power!
You freeze the dart slug.
You kill the dart slug!
Found 15 bolts.
A goblin comes into view.
A kobold comes into view.
It is wielding a short sword of distortion.
The kobold shouts!
The kobold unwields an uncursed short sword of distortion.
Its appearance distorts for a moment.
The kobold wields a blowgun.
The kobold shoots a curare-tipped needle.
The curare-tipped needle hits you.
You are poisoned.
You have difficulty breathing.
* * * LOW HITPOINT WARNING * * *
You feel yourself slow down.
Found a bread ration.
A leopard gecko comes into view.
You see here a curare-tipped needle.
Are you sure you want to abandon this character and quit the game? (Confirm with "yes".)

l..K...........
..............g.
................#
................#
................#
...(............#
..$.............###
.........@..........
..................#
..)...............#
..................#
..................#
..................#
S.......).........##
...................#
...................#


You could see a leopard gecko (wandering), a goblin (sleeping) and a kobold.

Vanquished Creatures
  2 adders (D:2)
  An ooze (D:2)
  2 dart slugs
  2 leopard geckos (D:2)
  A giant cockroach (D:1)
  5 goblins
  3 hobgoblins
  3 kobolds
  A ball python (D:2)
  4 bats
  A frilled lizard (D:1)
  2 rats
27 creatures vanquished.

Notes
Turn   | Place    | Note
-------+----------+-------------------------------------------
     0 | D:1      | tidbits the Demigod Wanderer began the quest for the Orb.
     0 | D:1      | tidbits set off with: a book of Frost, a +0 ring mail, a +0 spear, a bread ration
     0 | D:1      | Reached XP level 1. HP: 18/18 MP: 4/4
     2 | D:1      | Learned a level 1 spell: Freeze
   102 | D:1      | Reached skill level 1 in Dodging
   130 | D:2      | Reached XP level 2. HP: 6/25 MP: 0/5
   176 | D:1      | Learned a level 2 spell: Throw Frost
   249 | D:2      | Reached skill level 2 in Ice Magic
   296 | D:1      | Found a bloodstained altar of Trog.
   469 | D:2      | Reached XP level 3. HP: 20/30 MP: 3/7
   553 | D:2      | Found an iron altar of Okawaru.
   656 | D:3      | Quit the game

Skill      XL: |  1  2 |
---------------+-------+-----
Dodging        | 1 |  1.9
Ice Magic      | 2 |  2.4
Fighting       | |  2.6
Stealth        | |  1.0
Shields        | |  1.0
Spellcasting   | |  1.6
Air Magic      | |  1.7

Action                   || total
-------------------------++-------
Melee: Spear             ||    41
 Cast: Freeze            ||    30
       Throw Frost       ||     2
 Stab: Sleeping          ||     1
       Distracted        ||     1
Armor: Ring mail         ||     5
       Robe              ||     5
Dodge: Dodged            ||    32

Table legend:
 A = Turns spent in this place as a percentage of turns spent in the entire game.
 B = Non-inter-level travel turns spent in this place as a percentage of non-inter-level travel turns spent in the entire game.
 C = Inter-level travel turns spent in this place as a percentage of turns spent in this place.
 D = Turns resting spent in this place as a percentage of non-inter-level travel turns spent in this place.
 E = Turns spent auto-exploring this place as a percentage of non-inter-level travel turns spent in this place.
 F = Non-inter-level travel turns spent in this place divided by the number of levels of this place that you've seen.
                   A       B       C       D       E      F
               +-------+-------+-------+-------+-------+----------------------
         Total | 100.0 | 100.0 |   0.0 |   0.0 |   0.0 | 207.0
       Dungeon | 100.0 | 100.0 |   0.0 |   0.0 |   0.0 | 207.0
               +-------+-------+-------+-------+-------+----------------------

Table legend:
 A = Kills in this place as a percentage of kills in entire the game.
 B = Kills by you in this place as a percentage of kills by you in the entire game.
 C = Kills by friends in this place as a percentage of kills by friends in the entire game.
 D = Other kills in this place as a percentage of other kills in the entire game.
 E = Experience gained in this place as a percentage of experience gained in the entire game.
 F = Experience gained in this place divided by the number of levels of this place that you have seen.
                   A       B       C       D       E      F
               +-------+-------+-------+-------+-------+----------------------
         Total | 100.0 | 100.0 |  -nan |  -nan | 100.0 |  25.3
       Dungeon | 100.0 | 100.0 |  -nan |  -nan | 100.0 |  25.3
               +-------+-------+-------+-------+-------+----------------------

Vault maps used:
D:1:      minmay_arrival_doors, kennysheep_flooded_box, serial_bayou_ford_a
D:2:      cheibrodos_greedy_goblins, old_standard_altar, first_bread, tgw_fedhas
D:3:      cheibrodos_old_hovel, nicolae_overflow_crystal_walls,
          hangedman_decor_lopped, wad_floor_pattern_1
